 Dungeon Sprint DCSS version 0.29.1-2-gbd0b4ee654 (webtiles) character file.

Game seed: 15461224889539193836

1173 Zeld the Cleaver (level 8, -2/114 (120) HPs)
             Began as a Minotaur Berserker on Nov 3, 2022.
             Was a Believer of Trog.
             Slain by Sonja
             ... wielding a +1 dagger of draining
              (3 damage)
             ... in the Dungeon (Sprint I: "Red Sonja").
             The game lasted 00:01:11 (777 turns).

Zeld the Cleaver (Minotaur Berserker)                Turns: 777, Time: 00:01:12

HP:   -2/114 (120)  AC:  2    Str: 25    XL:     8   Next: 18%
MP:   7/7           EV: 14    Int:  4    God:    Trog [**....]
Gold: 36            SH:  0    Dex:  9    Spells: 7/7 levels left

rFire   . . .      SeeInvis .   a - +0 hand axe
rCold   . . .      Faith    .   (no shield)
rNeg    . . .      Spirit   .   b - +0 animal skin
rPois   .          Reflect  .   (helmet restricted)
rElec   .          Harm     .   (no cloak)
rCorr   .          Rampage  .   (no gloves)
Will    .....      NoTele   +   (no boots)
Stlth   ..........              (no amulet)
HPRegen 0.29/turn               (no ring)
MPRegen 0.10/turn               (no ring)

@: berserking, drained, very quick
A: horns 2, retaliatory headbutt
a: Renounce Religion, Berserk, Trog's Hand


You were in the Dungeon.
You worshipped Trog.
Trog was pleased with you.
You visited 1 branch You collected 324 gold pieces.
You spent 288 gold pieces at shops.

Inventory:

Hand Weapons
 a - a +0 hand axe (weapon)
Armour
 b - a +0 animal skin (worn)
Wands
 i - a wand of charming (6)
Potions
 c - 2 potions of curing
 e - 2 potions of haste
 f - 2 potions of magic
 g - a potion of berserk rage
 j - 2 potions of cancellation {unknown}
 l - 2 potions of might


   Skills:
 + Level 10.4 Fighting
 * Level 14.0 Axes
 + Level 10.0 Armour
 + Level 9.2 Dodging


You had 7 spell levels left.
You didn't know any spells.
Your spell library was empty.

Dungeon Overview and Level Annotations

Branches:
Dungeon (1/1)

Altars:
Cheibriados
Dithmenos
Elyvilon
Fedhas
Gozag
Hepliaklqana
Kikubaaqudgha
Nemelex Xobeh
Okawaru
Qazlal
Ru
Sif Muna
Trog
Uskayaw
Vehumet
Wu Jian
Yredelemnul
Zin
The Shining One
Jiyva
Lugonu

Shops:
D !

Annotations:
D Sonja


Innate Abilities, Weirdness & Mutations

You have a pair of horns on your head.
You reflexively headbutt those who attack you in melee.


Message History

Sonja mumbles some strange words.
Sonja blinks!
A red film seems to cover your vision as you go berserk!
You feel yourself moving faster!
You feel mighty!
The slime creature hits you but does no damage.
You barely miss the slime creature.
The slime creature is heavily wounded.
Unknown command.
You slash the slime creature!
The slime creature is severely wounded.
Unknown command.
You slash the slime creature! You headbutt the slime creature.
The slime creature is almost dead.
The slime creature closely misses you.
Unknown command.
You slash the slime creature!
You kill the slime creature!
Trog accepts your kill.
You barely miss Sonja.
Your life force feels restored.
Your Axes skill increases to level 14!
Your Armour skill increases to level 10!
Your Dodging skill increases to level 9!
You have reached level 8!
You feel stronger.
You closely miss Sonja.
Sonja is heavily wounded.
Sonja hits you with a +1 dagger of draining.
* * * LOW HITPOINT WARNING * * *
You feel drained.
* * * LOW HITPOINT WARNING * * *
Sonja hits you with a +1 dagger of draining.
* * * LOW HITPOINT WARNING * * *
You feel drained.
* * * LOW HITPOINT WARNING * * *
Sonja hits you but does no damage.
You feel drained.
You miss Sonja. Your headbutt misses Sonja.
Sonja is heavily wounded.
Sonja hits you with a +1 dagger of draining.
You die...

###################
#<.#..)..#..'..#__#
#..)..#..').#..'..+
#..#####'#####'#
#..####..#...#[#
#..#__####..##.#
#..#_____##'#_.+
#⌠⌠#_.∩...@..._#
####_..__##K.#'#
#_____###'#.#
#########.####+###
+$..'$$.$$+
#$.$####### ##.##
#+#


You could see Sonja.

Vanquished Creatures
  A slime creature (D)
  Sigmund (D)
  A yak (D)
  An ogre (D)
  A jelly (D)
  Ijyb (D)
6 creatures vanquished.

Vanquished Creatures (collateral kills)
  A deep troll (D)
1 creature vanquished.

Grand Total: 7 creatures vanquished

Notes
Turn   | Place    | Note
-------+----------+-------------------------------------------
     0 | D        | Zeld the Minotaur Berserker began the quest for the Orb.
     0 | D        | Reached XP level 1. HP: 19/19 MP: 0/0
     1 | D        | Noticed Ijyb
     7 | D        | Killed Ijyb
     8 | D        | Reached skill level 5 in Axes
     8 | D        | Reached XP level 2. HP: 28/28 MP: 1/1
   159 | D        | Noticed an ogre
   161 | D        | Killed an ogre
   162 | D        | Reached skill level 7 in Axes
   162 | D        | Reached skill level 5 in Armour
   162 | D        | Reached XP level 3. HP: 37/37 MP: 2/2
   162 | D        | Reached XP level 4. HP: 44/44 MP: 3/3
   321 | D        | Noticed Sigmund
   327 | D        | Killed Sigmund
   327 | D        | Reached ** piety under Trog
   328 | D        | Reached skill level 10 in Axes
   328 | D        | Reached XP level 5. HP: 52/52 MP: 4/4
   328 | D        | Reached XP level 6. HP: 60/60 MP: 5/5
   455 | D        | Found an ornate altar of the Wu Jian Council.
   455 | D        | Found a shimmering blue altar of Sif Muna.
   457 | D        | Found a radiant altar of Vehumet.
   590 | D        | Found Jonar's Distillery.
   590 | D        | Found an ancient bone altar of Kikubaaqudgha.
   590 | D        | Found a hazy altar of Hepliaklqana.
   590 | D        | Found a hide-covered altar of Uskayaw.
   590 | D        | Found a basalt altar of Yredelemnul.
   590 | D        | Found an opulent altar of Gozag.
   590 | D        | Found a snail-covered altar of Cheibriados.
   590 | D        | Found a sacrificial altar of Ru.
   590 | D        | Found a shadowy altar of Dithmenos.
   590 | D        | Noticed a yak
   592 | D        | Found a stormy altar of Qazlal.
   592 | D        | Found a blossoming altar of Fedhas.
   592 | D        | Found a bloodstained altar of Trog.
   592 | D        | Found an iron altar of Okawaru.
   592 | D        | Found a glowing golden altar of the Shining One.
   592 | D        | Found a glowing silver altar of Zin.
   592 | D        | Found a white marble altar of Elyvilon.
   596 | D        | Killed a yak
   597 | D        | Reached skill level 11 in Axes
   598 | D        | Found a sparkling altar of Nemelex Xobeh.
   602 | D        | Bought a potion of curing for 36 gold pieces
   602 | D        | Bought a potion of curing for 36 gold pieces
   602 | D        | Bought 2 potions of might for 96 gold pieces
   602 | D        | Bought a potion of haste for 120 gold pieces
   736 | D        | Noticed Sonja
   744 | D        | Noticed a deep troll
   757 | D        | Killed a deep troll
   758 | D        | Reached skill level 10 in Fighting
   758 | D        | Reached skill level 13 in Axes
   758 | D        | Reached XP level 7. HP: 9/72 MP: 6/6
   761 | D        | Found a viscous altar of Jiyva.
   761 | D        | Found a corrupted altar of Lugonu.
   761 | D        | Noticed a slime creature
   769 | D        | HP: 2/72 [Sonja/+1 dagger of draining (6)]
   775 | D        | Killed a slime creature
   776 | D        | Reached skill level 14 in Axes
   776 | D        | Reached skill level 10 in Armour
   776 | D        | Reached XP level 8. HP: 14/80 MP: 7/7
   776 | D        | HP: 5/117 [Sonja/+1 dagger of draining (3)]
   776 | D        | HP: 2/117 [Sonja/+1 dagger of draining (3)]
   777 | D        | Slain by Sonja

Illustrated notes

Levels and vault maps discovered:
D:        dungeon_sprint_1 [red_sonja_temple_1, red_sonja_temple_small_1]

Skill      XL: |  1  2  3  4  5  6  7 |
---------------+----------------------+-----
Fighting       | 4 6 7 10 | 10.4
Axes           | 5 7 10 13 14 | 14.0
Armour         | 3 5 7 9 10 | 10.0
Dodging        | 3 4 6 8 9 |  9.2

Action                   |  1- 3 |  4- 6 |  7- 9 || total
-------------------------+-------+-------+-------++-------
Melee: Hand axe          |     6 |     9 |     6 ||    21
       Headbutt          |       |     2 |     1 ||     3
Invok: Berserk           |     2 |     3 |     1 ||     6
       Trog's Hand       |       |       |     1 ||     1
Evoke: Wand              |       |     2 |       ||     2
  Use: Scroll            |       |     1 |     1 ||     2
       Potion            |       |     1 |     1 ||     2
Armor: Animal skin       |       |     2 |     2 ||     4
Dodge: Dodged            |     2 |     5 |     3 ||    10
